Map: Catalyst LE

Players

SALTKING - Winner!

  • Race: Zerg Zerg
  • Spawn Location: 5:00

Leon

  • Race: Terran Terran
  • League: Diamond
  • Spawn Location: 11:00

VOD

Have the link to the VOD?

Description

Time

  • Played on: June 27, 2018, 3:25 p.m.
  • Length: 6:56
Show
View Real Time Build Order
Export as new Build Order

SALTKING Zerg - Winner!

Build Orders: Hatch First 

Get SALT Encoding   

  12  0:01  Drone  
  13  0:13  Overlord  
  13  0:17  Drone  
  14  0:32  Drone x2  
  16  0:36  Drone  
  17  0:53  Hatchery  
  17  0:55  Drone  
  17  0:59  Drone  
  18  1:09  Extractor  
  17  1:14  Spawning Pool  
  17  1:17  Drone  
  17  1:20  Drone  
  18  1:28  Drone  
  19  1:39  Overlord  
  19  1:50  Drone  
  20  2:00  Queen  
  22  2:01  Zergling x2  
  22  2:05  Queen  
  22  2:06  Zergling x2  
  26  2:12  Drone, Metabolic Boost  
  28  2:15  Drone  
  28  2:31  Hatchery  
  28  2:34  Drone  
  28  2:36  Drone  
  29  2:39  Drone  
  29  2:43  Drone  
  31  2:46  Drone  
  31  2:49  Drone  
  33  2:54  Overlord  
  33  2:58  Drone  
  33  3:01  Queen  
  36  3:12  Drone x3  
  39  3:16  Drone x2  
  39  3:19  Overlord  
  41  3:23  Drone  
  42  3:30  Drone x2  
  42  3:31  Extractor  
  43  3:34  Roach Warren  
  43  3:39  Lair  
  42  3:41  Drone x3  
  42  3:43  Overlord  
  42  3:45  Drone  
  46  3:48  Drone  
  46  3:51  Drone  
  46  3:54  Drone x2  
  50  3:58  Queen  
  50  4:00  Extractor  
  50  4:02  Drone  
  52  4:05  Queen  
  52  4:07  Drone  
  52  4:09  Drone  
  56  4:11  Drone  
  56  4:14  Drone  
  56  4:15  Drone  
  56  4:16  Drone  
  60  4:17  Drone  
  60  4:20  Overlord  
  60  4:23  Drone x2  
  63  4:26  Drone x2  
  63  4:28  Overlord  
  65  4:39  Overlord x2  
  65  4:40  Glial Reconstitution  
  65  4:42  Roach  
  65  4:44  Roach  
  69  4:50  Roach x2  
  72  4:53  Roach  
  72  4:55  Roach x3  
  72  4:59  Roach  
  82  5:04  Roach  
  82  5:06  Roach  
  86  5:08  Roach x2  
  86  5:09  Roach  
  86  5:11  Roach x2  
  97  5:14  Roach  
  93  5:22  Roach x2  
  93  5:27  Overlord x2  
  93  5:36  Roach x3  
  93  5:40  Drone  
  93  5:41  Overlord  
  98  5:43  Overlord x2  
  94  5:52  Overlord  
  94  5:56  Overlord  
  90  5:57  Roach  
  90  6:01  Roach  
  90  6:02  Queen  
  96  6:05  Drone x2, Extractor  
  96  6:06  Extractor  
  96  6:11  Drone  
  97  6:13  Evolution Chamber x2  
  97  6:14  Extractor  
  97  6:16  Drone x2  
  97  6:18  Queen  
  98  6:19  Drone x3  
  98  6:20  Drone x3  
  98  6:36  Roach x2  
  98  6:37  Roach  
  98  6:39  Ravager  
  107  6:40  Ravager  
  107  6:44  Ravager x2  
  111  6:48  Ravager  
Show
View Real Time Build Order
Export as new Build Order

Leon Terran 

Build Orders:  

Get SALT Encoding   

  12  0:00  SCV  
  13  0:13  SCV  
  14  0:17  Supply Depot  
  14  0:25  SCV  
  15  0:39  SCV  
  15  0:40  Barracks  
  16  0:47  Refinery  
  16  0:51  SCV  
  17  1:03  SCV  
  18  1:15  SCV  
  19  1:27  Orbital Command  
  19  1:31  Barracks Reactor  
  19  1:47  Command Center  
  19  1:55  Refinery  
  19  2:00  SCV  
  20  2:09  Factory  
  20  2:13  Marine x2  
  22  2:23  Supply Depot  
  22  2:24  SCV  
  23  2:54  Barracks Reactor  
  23  2:56  Factory  
  23  3:00  Hellion  
  23  3:01  Hellion, Orbital Command  
  23  3:04  SCV  
  28  3:16  SCV  
  29  3:27  Hellion x2, SCV  
  33  3:28  SCV  
  35  3:40  SCV  
  36  3:43  SCV  
  36  3:44  Supply Depot  
  37  3:50  Cyclone x2  
  37  3:55  Hellion  
  45  4:01  SCV  
  46  4:06  Hellion, Supply Depot  
  46  4:07  SCV  
  49  4:17  Cyclone  
  49  4:22  SCV x2  
  54  4:26  Supply Depot  
  54  4:28  Hellion  
  56  4:34  Armory, SCV x2  
  58  4:46  Cyclone, SCV  
  58  4:48  Cyclone, SCV  
  66  4:58  SCV  
  67  5:00  SCV  
  68  5:10  SCV  
  68  5:12  Supply Depot x2, SCV  
  67  5:23  SCV  
  67  5:24  SCV  
  69  5:34  Hellion, Cyclone  
  69  5:35  Hellion, Cyclone  
  66  5:36  SCV x2  
  62  5:48  Refinery, SCV  
  62  5:49  Refinery  
  60  5:56  Hellion x2  
  61  6:02  SCV  
  61  6:03  SCV  
  60  6:08  Command Center  
  60  6:14  SCV  
  60  6:15  SCV  
Tags
 
League
Diamond
Matchup
TvZ
Spawn Locations
Cross Positions
Add a new tag
Caveats
  • Supply blocks, unpowered buildings, or Contaminate may cause inaccurate times.
  • Supply counts are checked every 10 seconds.